 Dungeon Crawl Stone Soup version 0.26-a0-712-ga5a9c9c9d0 (webtiles) character file.

Game seed: 1372160933862316460

41337 jasper the Destroyer (level 13, -9/113 HPs)
             Began as a Demonspawn Conjurer on Nov 1, 2020.
             Was a High Priest of Sif Muna.
             Mangled by an orc knight
             ... wielding a +0 battleaxe
              (34 damage)
             ... on level 1 of the Orcish Mines.
             The game lasted 00:49:07 (25555 turns).

jasper the Destroyer (Demonspawn Conjurer)         Turns: 25555, Time: 00:49:08

Health: -9/113     AC:  6    Str:  8    XL:     13   Next: 79%
Magic:  13/24      EV: 19    Int: 25    God:    Sif Muna [*****.]
Gold:   1292       SH:  0    Dex: 11    Spells: 3/26 levels left

rFire    + + .     SeeInvis .   Z - +8 demon whip (vamp)
rCold    + . .     Faith    .   (no shield)
rNeg     . . .     Spirit   .   E - +1 robe {rC+ rF+}
rPois    .         Reflect  .   (helmet restricted)
rElec    .         Harm     .   (no cloak)
rCorr    .         Rampage  .   B - +0 pair of gloves
MR       .....                  (no boots)
Stlth    +.........             i - amulet of magic regeneration
HPRegen  0.28/turn              c - +4 ring of evasion
MPRegen  0.44/turn              W - ring of protection from fire

@: drained
A: antennae 2, yellow scales 1, demonic guardian 1, robust 1, spiny 1
a: Channel Magic, Forget Spell, Divine Exegesis, Renounce Religion


You were on level 1 of the Orcish Mines.
You worshipped Sif Muna.
Sif Muna was extremely pleased with you.
You visited 3 branches of the dungeon, and saw 18 of its levels.

You collected 1955 gold pieces.
You spent 663 gold pieces at shops.

Inventory:

Hand Weapons
 Z - a +8 vampiric demon whip (weapon)
Missiles
 p - 421 stones (quivered)
 F - 28 poisoned darts
 M - 5 silver javelins
 X - 3 throwing nets
Armour
 f - a cursed +0 buckler
 B - a +0 pair of gloves (worn)
 E - a +1 robe of resistance (worn)
 N - a +2 kite shield
Magical Staves
 A - an uncursed staff of death
Jewellery
 c - a +4 ring of evasion (left hand)
 i - an amulet of magic regeneration (around neck)
 x - an uncursed ring of stealth
 P - an uncursed amulet of regeneration
 W - a ring of protection from fire (right hand)
 Y - an uncursed ring of attention
Wands
 a - a wand of polymorph (8)
 m - a wand of iceblast (7)
 J - a wand of digging (7)
 K - a wand of random effects (14)
 Q - a wand of flame (84)
 T - a wand of acid (9)
Scrolls
 b - 4 scrolls of teleportation
 e - 3 scrolls of random uselessness
 h - 5 scrolls of fog
 o - 3 scrolls of amnesia
 s - 3 scrolls of noise
 t - 3 scrolls of magic mapping
 y - 5 scrolls of remove curse
 C - 3 scrolls of blinking {unknown}
 O - 3 scrolls of immolation
 S - a scroll of summoning {unknown}
 U - a scroll of acquirement {unknown}
 V - 2 scrolls of fear {unknown}
Potions
 g - 6 potions of heal wounds
 j - a potion of invisibility
 k - 2 potions of lignification
 l - 2 potions of flight
 n - 2 potions of cancellation {unknown}
 q - 2 potions of magic
 r - a potion of resistance {unknown}
 u - 3 potions of might
 w - 4 potions of stabbing
 z - 3 potions of ambrosia {unknown}
 D - 4 potions of curing
 I - 2 potions of berserk rage {unknown}
 L - a potion of mutation {unknown}
 R - 5 potions of degeneration {unknown}


   Skills:
 - Level 10.0(9.0) Fighting
 - Level 8.7(7.7) Dodging
 - Level 1.7(0.9) Stealth
 - Level 4.0(3.1) Shields
 + Level 7.4(6.5) Spellcasting
 - Level 14.0(12.9) Conjurations
 - Level 4.0(3.1) Hexes
 - Level 5.1(4.2) Necromancy
 - Level 4.0(3.1) Translocations
 - Level 5.0(4.1) Fire Magic
 - Level 9.0(8.0) Invocations


You had 3 spell levels left.
You knew the following spells:

 Your Spells              Type           Power        Failure   Level
a - Magic Dart            Conj           ####         1%          1
b - Searing Ray           Conj           ######       1%          2
c - Fulminant Prism       Conj/Hex       #####.....   2%          4
d - Iskenderun's Mystic   Conj/Tloc      #####...     2%          4
e - Fireball              Conj/Fire      ######....   6%          5
f - Mephitic Cloud        Conj/Pois/Air  ####....     3%          3
g - Animate Dead          Necr           ####......   12%         4

Your spell library contained the following spells:

 Spells                   Type           Power        Failure   Level
 Animate Skeleton         Necr           ####..       1%          1
 Foxfire                  Conj/Fire      ####         1%          1
 Pain                     Necr           ####         1%          1
 Conjure Flame            Conj/Fire      ######..     1%          3
 Dazzling Flash           Conj/Hex       #####.       1%          3
 Static Discharge         Conj/Air       #####...     1%          3
 Vampiric Draining        Necr           ####......   3%          3
 Inner Flame              Hex/Fire       ####....     4%          3
 Beastly Appendage        Tmut           #.....       7%          1
 Summon Small Mammal      Summ           #...         7%          1
 Call Imp                 Summ           #.......     11%         2
 Poisonous Vapours        Pois/Air       #.....       11%         2
 Wereblood                Tmut           #.......     11%         2
 Summon Guardian Golem    Hex/Summ       ###.....     11%         3
 Call Canine Familiar     Summ           #.......     22%         3
 Spider Form              Tmut/Pois      #.........   22%         3
 Iskenderun's Battlesphe  Conj           ######..     1%          5
 Sticky Flame             Conj/Fire      ######..     2%          4
 Irradiate                Conj/Tmut      #####.....   14%         5
 Agony                    Necr           ####....     34%         5
 Ice Form                 Ice/Tmut       #.......     56%         4
 Summon Ice Beast         Ice/Summ       #.......     56%         4
 Summon Lightning Spire   Summ/Air       #.......     56%         4
 Conjure Ball Lightning   Conj/Air       #####.....   58%         6
 Freezing Cloud           Conj/Ice/Air   ####......   88%         6
 Blade Hands              Tmut           #.........   89%         5
 Spellforged Servitor     Conj/Summ      #####.....   99%         7
 Statue Form              Tmut/Erth      #........    100%        6
 Lehudib's Crystal Spear  Conj/Erth      #####.....   100%        8
 Fire Storm               Conj/Fire      ######....   100%        9


Dungeon Overview and Level Annotations

Branches:
Dungeon (11/15)            Temple (0/1) D:7            Lair (5/6) D:8
  Swamp (0/4) Lair:2        Snake (0/4) Lair:2        Slime (0/5) Lair:5
    Orc (2/2) D:11
    Elf: Orc:2

Altars:
Cheibriados
Dithmenos
Gozag
Kikubaaqudgha
Nemelex Xobeh
Qazlal
Sif Muna
Trog
Wu Jian
Xom

Shops:
D:4 :   D:6 }   D:7 (

Annotations:
Lair:5 exclusion: 6 oklob plants


Innate Abilities, Weirdness & Mutations

You have a pair of antennae on your head.
You are partially covered in yellow scales. (AC +2)
A weak demonic guardian rushes to your aid.
You are robust. (+10% HP)
You are partially covered in sharp spines.


Message History

Casting: Searing Ray (safe; 1% risk of failure)
Confirm with . or Enter, or press ? or * to list all spells.
Aiming: Searing Ray (safe; 1% risk of failure)
Press: ? - help, Shift-Dir - straight line, f/p - orc knight
Aim: an orc knight, wielding a +0 battleaxe and wearing a +0 plate armour (severely wounded, strong)
The searing ray hits the orc knight but does no damage.
The orc knight is severely wounded. (Press . to maintain the ray.)
The orc knight no longer looks unusually strong.
The orc knight hits you with a +0 battleaxe.
You take 1 damage, and have 36/113 hp.
You now have 14/24 mp.
The searing ray hits the orc knight.
The orc knight is almost dead.
The orc knight hits you with a +0 battleaxe!
* * * LOW HITPOINT WARNING * * *
You take 11 damage, and have 25/113 hp.
The searing ray hits the orc knight!
The orc knight is almost dead.
The orc knight hits you with a +0 battleaxe!!
You die...

#.........## ### ##........#
##.########.......##
#...##.##......#.##
####.##...........##
###.##.###..#.......# ##
##.......##..)#......## ##.
####....##...##.#.o..#...####..
##.##..#.#....#@o##.>.....##....
##...............................
#......##....#..............#..#.
##.....###..................###..
##.#...###..................###.
####.###..................## ##
####................#.## #.
##...............##...## #.
#...###.###.#....###...# ##


You could see an orc knight.

Vanquished Creatures
  Josephine (Orc:1)
  2 hydras
  A boulder beetle (D:11)
  Harold (D:9)
  A catoblepas (Lair:3)
  4 death yaks
  3 two-headed ogres
  An orc high priest (Orc:1)
  Nergalle (D:11)
  2 orc knights
  A cyclops (D:11)
  2 orc sorcerers
  18 elephants
  A centaur skeleton (D:9)
  A torpor snail (Lair:4)
  5 cane toads
  2 rime drakes
  4 komodo dragons
  6 trolls
  A hornet (D:10)
  13 blink frogs
  6 dream sheep (Lair:4)
  7 wraiths
  2 wyverns (D:8)
  23 yaks
  A steam dragon (D:10)
  4 basilisks
  6 wargs
  2 nagas (Lair:2)
  An acid dragon (D:11)
  13 water moccasins
  Duvessa (D:7)
  A sky beast (D:10)
  15 orc warriors
  2 phantoms
  9 ogres
  An eye of draining (D:8)
  A necrophage (D:9)
  5 centaurs
  A big kobold (D:8)
  12 bullfrogs
  A gnoll sergeant (D:8)
  2 wyvern zombies
  Dowan (D:7)
  5 scorpions
  6 killer bees (D:11)
  10 wights
  2 howler monkeys (D:10)
  3 bullfrog zombies
  4 hounds
  A quasit (D:9)
  A bullfrog skeleton (D:7)
  A centaur zombie (D:8)
  A gnoll shaman (D:8)
  16 orc priests
  20 orc wizards
  3 iguanas
  12 worker ants
  2 hound zombies
  3 hound skeletons
  A howler monkey zombie (D:9)
  9 adders
  14 gnolls
  7 shadow imps
  2 white imps
  An ufetubus (D:6)
  An ooze (D:1)
  2 worms (D:3)
  2 dart slugs
  A leopard gecko (D:1)
  72 orcs
  7 giant cockroaches
  10 goblins
  3 hobgoblins
  7 jackals
  5 kobolds
  5 quokkas
  A ball python (D:4)
  6 bats
  4 frilled lizards
  A quokka zombie (D:7)
  8 rats
447 creatures vanquished.

Vanquished Creatures (collateral kills)
  2 elephants
  2 yaks
  A black bear (D:9)
  2 ogres (Orc:2)
  An adder (D:8)
8 creatures vanquished.

Vanquished Creatures (others)
  An orc (Orc:2)
  45 fulminant prisms
  13 fungi
  27 plants
86 creatures vanquished.

Grand Total: 541 creatures vanquished

Notes
Turn   | Place    | Note
-------+----------+-------------------------------------------
     0 | D:1      | jasper the Demonspawn Conjurer began the quest for the Orb.
     0 | D:1      | Reached XP level 1. HP: 13/13 MP: 3/3
   145 | D:1      | Gained mutation: A weak demonic guardian rushes to your
                  | aid. [demonic ancestry]
   145 | D:1      | Reached XP level 2. HP: 19/19 MP: 1/5
   192 | D:1      | Learned a level 2 spell: Searing Ray
   639 | D:2      | Reached skill level 5 in Conjurations
   649 | D:2      | Gained mutation: You are partially covered in yellow
                  | scales. (AC +2) [demonic ancestry]
   649 | D:2      | Reached XP level 3. HP: 24/24 MP: 2/6
   955 | D:2      | Found a shimmering altar of Xom.
  1062 | D:2      | Reached XP level 4. HP: 24/30 MP: 3/7
  1730 | D:3      | Reached skill level 6 in Conjurations
  1732 | D:3      | Reached XP level 5. HP: 35/35 MP: 4/8
  1740 | D:2      | Learned a level 4 spell: Fulminant Prism
  2137 | D:3      | Reached skill level 7 in Conjurations
  2361 | D:3      | Reached XP level 6. HP: 41/41 MP: 6/9
  2985 | D:4      | Reached skill level 8 in Conjurations
  3054 | D:4      | Reached XP level 7. HP: 46/46 MP: 4/10
  3546 | D:4      | Reached skill level 9 in Conjurations
  3705 | D:4      | Found a snail-covered altar of Cheibriados.
  3712 | D:4      | Found a bloodstained altar of Trog.
  3717 | D:4      | Found a shadowy altar of Dithmenos.
  3724 | D:4      | Found a stormy altar of Qazlal.
  3729 | D:4      | Found a shimmering blue altar of Sif Muna.
  3736 | D:4      | Found a sparkling altar of Nemelex Xobeh.
  3741 | D:4      | Found an ancient bone altar of Kikubaaqudgha.
  4069 | D:4      | Became a worshipper of Sif Muna the Loreminder
  4199 | D:4      | Found Fioto's Book Shop.
  4320 | D:5      | Entered Level 5 of the Dungeon
  4516 | D:5      | Reached skill level 10 in Conjurations
  4579 | D:5      | Gained mutation: You have a pair of small antennae on your
                  | head. [demonic ancestry]
  4579 | D:5      | Reached XP level 8. HP: 52/52 MP: 7/11
  5320 | D:6      | Reached skill level 11 in Conjurations
  5637 | D:6      | Reached * piety under Sif Muna
  5679 | D:6      | Found Tochetside's Gadget Boutique.
  5861 | D:6      | Learned a level 4 spell: Iskenderun's Mystic Blast
  6136 | D:6      | Bought a wand of digging (4) for 208 gold pieces
  6404 | D:7      | Noticed a two-headed ogre
  6410 | D:7      | Killed a two-headed ogre
  6410 | D:7      | Reached skill level 12 in Conjurations
  6410 | D:7      | Reached skill level 1 in Fighting
  6410 | D:7      | Reached skill level 1 in Hexes
  6410 | D:7      | Reached skill level 1 in Translocations
  6410 | D:7      | Gained mutation: You have a pair of antennae on your head.
                  | [demonic ancestry]
  6410 | D:7      | Reached XP level 9. HP: 59/59 MP: 6/12
  6566 | D:7      | Noticed Duvessa
  6566 | D:7      | Noticed Dowan
  6589 | D:7      | Killed Dowan
  6605 | D:7      | Killed Duvessa
  6774 | D:7      | Found a staircase to the Ecumenical Temple.
  7054 | D:7      | Found Atue's Weapon Emporium.
  7844 | D:8      | Reached ** piety under Sif Muna
  8110 | D:8      | Reached XP level 10. HP: 64/70 MP: 7/13
  8113 | D:8      | Reached skill level 5 in Invocations
  8219 | D:8      | Found a staircase to the Lair.
  8871 | D:9      | Found an ornate altar of the Wu Jian Council.
  9325 | D:9      | Reached skill level 5 in Dodging
  9357 | D:9      | Reached skill level 5 in Fighting
  9533 | D:9      | Reached *** piety under Sif Muna
  9849 | D:9      | Found an opulent altar of Gozag.
 10260 | D:10     | Entered Level 10 of the Dungeon
 10284 | D:10     | Noticed a two-headed ogre
 10363 | D:9      | Killed a two-headed ogre
 10464 | D:9      | Gained mutation: You are partially covered in sharp spines.
                  | [demonic ancestry]
 10464 | D:9      | Reached XP level 11. HP: 77/81 MP: 11/17
 10899 | D:10     | Noticed Harold
 11355 | Lair:1   | Entered Level 1 of the Lair of Beasts
 11437 | Lair:1   | Noticed a four-headed hydra
 11444 | Lair:1   | Killed a four-headed hydra
 11665 | D:4      | Bought a book of Flames for 455 gold pieces
 11671 | D:4      | Learned a level 5 spell: Fireball
 12411 | Lair:2   | Reached skill level 1 in Fire Magic
 12808 | Lair:2   | Noticed a death yak
 13694 | Lair:2   | Reached **** piety under Sif Muna
 14040 | Lair:2   | Noticed a death yak
 14040 | Lair:2   | Noticed a death yak
 14040 | Lair:2   | Noticed a death yak
 14040 | Lair:2   | Noticed a death yak
 14199 | Lair:1   | Killed a death yak
 14470 | Lair:2   | Found a staircase to the Snake Pit.
 14640 | Lair:2   | Found a staircase to the Swamp.
 14703 | Lair:2   | Killed a death yak
 15322 | Lair:3   | Noticed a catoblepas
 15339 | Lair:3   | Killed a catoblepas
 15339 | Lair:3   | Gained mutation: You are robust. (+10% HP) [demonic
                  | ancestry]
 15339 | Lair:3   | Reached XP level 12. HP: 70/100 MP: 10/19
 15345 | Lair:3   | Reached skill level 5 in Fire Magic
 15600 | Lair:3   | Learned a level 3 spell: Mephitic Cloud
 16096 | Lair:4   | Reached skill level 5 in Spellcasting
 17446 | Lair:4   | Reached skill level 13 in Conjurations
 17641 | Lair:4   | Noticed a death yak
 17661 | Lair:4   | Noticed a death yak
 17668 | Lair:4   | Killed a death yak
 17721 | Lair:4   | Killed a death yak
 18114 | Lair:5   | Noticed a four-headed hydra
 18121 | Lair:4   | Killed a four-headed hydra
 18718 | Lair:4   | Reached XP level 13. HP: 89/110 MP: 13/22
 20542 | D:9      | Killed Harold
 21044 | D:10     | Learned a level 4 spell: Animate Dead
 21474 | D:11     | Reached ***** piety under Sif Muna
 21724 | D:11     | Found a staircase to the Orcish Mines.
 21727 | D:11     | Identified Sif Muna's Grimoire of Battle Magic (Sif Muna
                  | gifted it to you on level 11 of the Dungeon)
 21727 | D:11     | Received a gift from Sif Muna
 22115 | D:11     | Reached skill level 1 in Shields
 22115 | D:11     | Reached skill level 14 in Conjurations
 22603 | Orc:1    | Entered Level 1 of the Orcish Mines
 22655 | Orc:1    | Noticed Nergalle
 23153 | D:11     | Killed Nergalle
 23617 | Orc:1    | Reached skill level 1 in Necromancy
 24442 | Orc:1    | Noticed Josephine
 24463 | Orc:1    | Killed Josephine
 24927 | Orc:2    | Entered Level 2 of the Orcish Mines
 24935 | Orc:2    | Reached skill level 10 in Fighting
 25177 | Orc:2    | Noticed an orc warlord
 25203 | Orc:2    | Reached skill level 5 in Necromancy
 25431 | Orc:2    | Identified Sif Muna's Grimoire of Dusty Combat Magic (Sif
                  | Muna gifted it to you on level 2 of the Orcish Mines)
 25431 | Orc:2    | Received a gift from Sif Muna
 25434 | Orc:2    | Noticed an orc warlord
 25555 | Orc:1    | Mangled by an orc knight

Illustrated notes

Levels and vault maps discovered:
D:1:      saegor_arrival_simple_e, layout_rooms
D:2:      layout_basic, xom_teletrap_fun
D:3:      layout_loops_corners
D:4:      layout_basic, grunt_temple_overflow_octagram, serial_shops,
          nicolae_shop_statue_plus, roderic_serpentine_path
D:5:      layout_loops_ring
D:6:      layout_loops_ring, serial_shops, shop, chequers_serial_rivers_small_a
D:7:      layout_loops_ring, minmay_temple_entry_junction, serial_shops,
          nicolae_shop_trees, uniq_duvessa
D:8:      layout_basic, minmay_lair_entry_grove
D:9:      layout_stronghold, nicolae_gozag_cash_rules_everything_around_me,
          old_standard_altar
D:10:     layout_basic, uniq_harold
D:11:     layout_loops_ring, orc_0_dummy, evilmike_butchery
Lair:1:   layout_roguey, chequers_serial_rivers_small_b,
          chequers_serial_rivers_small_a, infiniplex_staircase_pool_2
Lair:2:   layout_cave_shapes, swamp_mist_pool, guppyfry_snake_entry_garden
Lair:3:   layout_long_grid, serial_bayou_shore_b
Lair:4:   wander_river, layout_cave_pods
Lair:5:   layout_gridlike, minmay_slime_entry_oklob_enclosed,
          minmay_lair_oklob_chamber, grunt_megastairs_5
Orc:1:    layout_caves, uniq_nergalle, uniq_josephine
Orc:2:    st_orc_mages, layout_caves, basic_altar

Skill      XL: |  1  2  3  4  5  6  7  8  9 10 11 12 13 |
---------------+----------------------------------------+-----
Conjurations   | 5 6 7 8 10 12 13 14 | 14.0
Fighting       | 1 3 5 7 8 10 | 10.0
Dodging        | 2 3 5 7 8 |  8.7
Hexes          | 1 3 4 |  4.0
Translocations | 1 3 4 |  4.0
Invocations    | 2 4 9 |  9.0
Spellcasting   | 4 6 7 |  7.4
Fire Magic     | 4 5 |  5.0
Shields        | 4 |  4.0
Necromancy     | 5 |  5.1
Stealth        | |  1.7

Action                   |  1- 3 |  4- 6 |  7- 9 | 10-12 | 13-15 || total
-------------------------+-------+-------+-------+-------+-------++-------
Melee: Unarmed           |     1 |       |       |       |       ||     1
       Dagger            |     2 |       |       |       |       ||     2
       Trident           |     7 |     5 |       |       |       ||    12
       Short sword       |       |    32 |    88 |    54 |     1 ||   175
       Demon whip        |       |       |       |       |    53 ||    53
Throw: Stone             |     1 |    26 |    66 |    59 |    43 ||   195
       Boomerang         |       |       |       |    43 |       ||    43
 Cast: Magic Dart        |    48 |     1 |    12 |     7 |     4 ||    72
       Searing Ray       |     6 |    21 |    61 |   131 |    88 ||   307
       Fulminant Prism   |       |       |     7 |    31 |     8 ||    46
       Fireball          |       |       |       |    21 |    25 ||    46
       Iskenderun's Myst |       |       |       |     3 |     2 ||     5
       Mephitic Cloud    |       |       |       |     1 |     1 ||     2
       Animate Dead      |       |       |       |       |     2 ||     2
Evoke: Wand              |       |       |       |     2 |       ||     2
  Use: Scroll            |       |       |     5 |     8 |    12 ||    25
       Potion            |       |       |     1 |     5 |     1 ||     7
 Stab: Sleeping          |     1 |     3 |     1 |       |       ||     5
       Invisible         |       |       |     2 |       |       ||     2
Armor: Robe              |     2 |     3 |    23 |    43 |    29 ||   100
Dodge: Dodged            |    16 |    25 |   126 |   215 |   172 ||   554

Table legend: (Time is in decaauts)
 A = Elapsed time spent in this place.
 B = Non-inter-level travel time spent in this place.
 C = Inter-level travel time spent in this place.
 D = Time resting spent in this place.
 E = Time spent auto-exploring this place.
 F = Levels seen in this place.
 G = Mean time per level.
                   A        B        C        D        E       F      G
               +--------+--------+--------+--------+--------+-----+--------+
         Total |  25702 |  24139 |   1563 |   6511 |  14077 |  18 | 1427.9 |
       Dungeon |  15037 |  14085 |    952 |   2619 |   9271 |  11 | 1367.0 |
          Lair |   8833 |   8320 |    513 |   3508 |   3847 |   5 | 1766.6 |
  Orcish Mines |   1831 |   1734 |     97 |    384 |    958 |   2 |  915.5 |
               +--------+--------+--------+--------+--------+-----+--------+

Top non-repeatable levels by time:
  Lair:1: 2937 daAuts
  Lair:4: 2527 daAuts
    D:11: 2407 daAuts
     D:9: 2252 daAuts
  Lair:3: 1647 daAuts
     D:8: 1636 daAuts
   Orc:1: 1617 daAuts
     D:4: 1494 daAuts
     D:3: 1289 daAuts
  Lair:5: 1228 daAuts
     D:5: 1078 daAuts
     D:7: 1075 daAuts
    D:10: 1074 daAuts
     D:6: 1063 daAuts
     D:2: 1038 daAuts
